[Event "Ch FRA 2024 Open A"]
[Site "ALPE D'HUEZ, France"]
[Date "2024.08.24"]
[Round "8.1"]
[White "KOLLAR, Romain"]
[Black "ORIEUX, Etienne"]
[Result "1/2-1/2"]
[ECO "C02"]
[WhiteElo "2200"]
[BlackElo "2138"]
[PlyCount "51"]
[EventDate "2024.??.??"]
[TimeControl "90/40+30:0"]

1. e4 {14} e6 {12} 2. d4 {15} d5 {7} 3. e5 {4} c5 {11} 4. c3 {6} Nc6 {8} 5. Nf3
{18} Bd7 {9} 6. Be2 {9} Nge7 {13} 7. O-O {20} cxd4 {15} 8. cxd4 {31} Nf5 {6} 9.
Nc3 {75} a6 {14} 10. Kh1 {362} Rc8 {34} 11. Bf4 {218} Qb6 {394} 12. Na4 {1265}
Qa7 {19} 13. g4 {613} Ncxd4 {870} 14. gxf5 {30} Nxe2 {14} 15. Be3 {83} d4 {261}
16. Nxd4 {185} Nxd4 {26} 17. Bxd4 {9} Qb8 {517} 18. Nb6 {212} Bc6+ {480} 19.
Kg1 {14} Rd8 {6} 20. fxe6 {28} fxe6 {36} 21. Qg4 {142} Qc7 {62} 22. Qxe6+ {492}
Qe7 {43} 23. Qxe7+ {86} Bxe7 {6} 24. Be3 {134} Kf7 {814} 25. Rfd1 {555} Ke6 {
411} 26. Nc4 {Kxe5 [%clk 00:24:29] [%emt 00:10:31] 208} 1/2-1/2

[Event "Ch FRA 2024 Open A"]
[Site "ALPE D'HUEZ, France"]
[Date "2024.08.24"]
[Round "8.2"]
[White "SAYA, Ethan"]
[Black "ZOUNANI, Yacine"]
[Result "1-0"]
[ECO "B07"]
[WhiteElo "2195"]
[BlackElo "2127"]
[PlyCount "73"]
[EventDate "2024.??.??"]
[TimeControl "90/40+30:0"]

1. e4 {1205} d6 {6} 2. d4 {28} Nf6 {7} 3. Nc3 {17} g6 {7} 4. Be3 {312} c6 {9}
5. f3 {13} Nbd7 {31} 6. Qd2 {86} b5 {22} 7. g4 {98} Bg7 {54} 8. O-O-O {261} Qa5
{386} 9. Kb1 {211} b4 {114} 10. Nce2 {12} Nb6 {58} 11. Nc1 {105} Na4 {743} 12.
Nge2 {357} h5 {550} 13. g5 {254} Nd7 {26} 14. Nb3 {308} Qb6 {285} 15. Bh3 {88}
Qb8 {337} 16. Qd3 {753} a5 {380} 17. f4 {0} O-O {493} 18. Bc1 {471} Nab6 {763}
19. f5 {103} a4 {81} 20. Nd2 {1} c5 {42} 21. Nf4 {167} c4 {199} 22. Qe2 {57}
Ne5 {742} 23. dxe5 {43} dxe5 {1} 24. Nxh5 {118} c3 {133} 25. Nxg7 {74} cxd2 {
108} 26. Bxd2 {12} b3 {51} 27. cxb3 {106} axb3 {25} 28. a3 {5} Kxg7 {108} 29.
f6+ {116} exf6 {13} 30. gxf6+ {8} Kg8 {119} 31. Rhg1 {306} Bxh3 {167} 32. Qh5 {
70} Qb7 {69} 33. Rde1 {158} Nc4 {190} 34. Bb4 {146} Nxa3+ {36} 35. bxa3 {32}
Rfd8 {103} 36. Qh6 {156} Rd1+ {28} 37. Kb2 {0} 1-0

[Event "Ch FRA 2024 Open A"]
[Site "ALPE D'HUEZ, France"]
[Date "2024.08.24"]
[Round "8.3"]
[White "RACHID, Alexandre"]
[Black "DE CARVALHO MASSABO, Raphael"]
[Result "1-0"]
[ECO "C55"]
[WhiteElo "2167"]
[BlackElo "2070"]
[PlyCount "75"]
[EventDate "2024.??.??"]
[TimeControl "90/40+30:0"]

1. e4 {2} e5 {4} 2. Nf3 {4} Nc6 {4} 3. Bc4 {4} Nf6 {4} 4. d3 {5} Bc5 {4} 5. O-O
{11} O-O {5} 6. h3 {114} d5 {160} 7. exd5 {35} Nxd5 {2} 8. Nbd2 {344} Nb6 {618}
9. Bb3 {133} Bf5 {83} 10. Re1 {765} Bd6 {709} 11. a4 {380} Re8 {372} 12. a5 {
601} Nd7 {1} 13. a6 {9} Qc8 {482} 14. Ng5 {489} Bg6 {90} 15. axb7 {118} Qxb7 {
27} 16. Qf3 {12} e4 {1042} 17. Rxe4 {1335} Nde5 {350} 18. Rxe5 {52} Rxe5 {73}
19. Nxf7 {26} Bxf7 {353} 20. Qxf7+ {12} Kh8 {7} 21. Nf3 {18} Re7 {121} 22. Qd5
{24} Rd8 {276} 23. Bg5 {646} Bh2+ {59} 24. Kxh2 {4} Rxd5 {6} 25. Bxd5 {3} Qxb2
{338} 26. Ra2 {13} Qb5 {35} 27. Bxc6 {31} Qxc6 {77} 28. Bxe7 {3} a6 {79} 29.
Bh4 {132} h6 {129} 30. Bg3 {41} Kh7 {78} 31. c4 {76} Qb6 {139} 32. d4 {16} g5 {
293} 33. c5 {13} Qc6 {119} 34. h4 {100} Qf6 {141} 35. d5 {87} Qf7 {50} 36. Rd2
{35} a5 {145} 37. d6 {13} cxd6 {33} 38. cxd6 {6} 1-0

[Event "Ch FRA 2024 Open A"]
[Site "ALPE D'HUEZ, France"]
[Date "2024.08.24"]
[Round "8.4"]
[White "CARPENTIER, Pierre"]
[Black "RATIER-FONTANA, Matteo"]
[Result "1-0"]
[ECO "D00"]
[WhiteElo "2197"]
[BlackElo "2088"]
[PlyCount "75"]
[EventDate "2024.??.??"]
[TimeControl "90/40+30:0"]

1. d4 {69070} Nf6 {844} 2. Bg5 {12} d5 {18} 3. Bxf6 {13} gxf6 {27} 4. e3 {8} c5
{99} 5. dxc5 {61} e6 {122} 6. c4 {43} dxc4 {165} 7. Nd2 {33} Bxc5 {133} 8. Bxc4
{128} Nc6 {399} 9. Qh5 {801} Ne5 {558} 10. Ngf3 {544} Nxf3+ {1435} 11. Nxf3 {
531} Qb6 {229} 12. O-O {104} Bd7 {152} 13. Rac1 {75} Bd6 {213} 14. Qh4 {433}
Be7 {116} 15. Rfd1 {533} h5 {51} 16. Bb3 {289} Qa5 {362} 17. Qe4 {311} Qa6 {351
} 18. Nd4 {374} Qb6 {89} 19. Rd3 {397} a5 {176} 20. a4 {27} Rd8 {221} 21. h3 {
449} Kf8 {103} 22. Rcd1 {122} Bd6 {65} 23. Qh4 {283} Be7 {92} 24. Qe4 {66} Bd6
{16} 25. f4 {134} f5 {114} 26. Qf3 {8} Be8 {37} 27. Bxe6 {46} Bxa4 {21} 28. b3
{27} Bc6 {36} 29. Nxc6 {130} Qxc6 {3} 30. Bd5 {11} Qb6 {21} 31. Bc4 {45} Rh6 {
17} 32. Rd5 {29} Re8 {33} 33. R1d3 {12} Rf6 {37} 34. Kh2 {48} Re4 {20} 35. Qxh5
{39} Rxe3 {59} 36. Rxd6 {9} Qc7 {45} 37. Qh8+ {30} Ke7 {0} 38. Rxe3+ {8} 1-0

[Event "Ch FRA 2024 Open A"]
[Site "ALPE D'HUEZ, France"]
[Date "2024.08.25"]
[Round "9.1"]
[White "SAYA, Ethan"]
[Black "KOLLAR, Romain"]
[Result "1-0"]
[ECO "A67"]
[WhiteElo "2195"]
[BlackElo "2200"]
[PlyCount "75"]
[EventDate "2024.??.??"]
[TimeControl "90/40+30:0"]

1. d4 {120} Nf6 {14} 2. c4 {16} c5 {16} 3. d5 {17} e6 {16} 4. Nc3 {8} exd5 {11}
5. cxd5 {7} d6 {9} 6. e4 {21} g6 {17} 7. f4 {7} Bg7 {11} 8. Bb5+ {9} Nbd7 {38}
9. e5 {339} dxe5 {13} 10. fxe5 {26} Nh5 {18} 11. Nf3 {1841} O-O {494} 12. Bxd7
{166} Bxd7 {27} 13. O-O {88} Bg4 {61} 14. h3 {914} Bxf3 {233} 15. Qxf3 {6} Bxe5
{10} 16. Bh6 {20} Qh4 {683} 17. Ne4 {456} Bd4+ {372} 18. Kh2 {110} f5 {80} 19.
Bxf8 {122} Rxf8 {287} 20. Nc3 {437} Re8 {325} 21. d6 {137} Re3 {498} 22. Qd5+ {
69} Kf8 {247} 23. Rf3 {265} Be5+ {213} 24. Kg1 {16} Re1+ {23} 25. Rxe1 {28}
Qxe1+ {5} 26. Rf1 {3} Qe3+ {7} 27. Rf2 {10} Ng3 {287} 28. Qd2 {246} Bd4 {44}
29. Qxe3 {35} Bxe3 {5} 30. d7 {27} Bg5 {206} 31. Rf3 {508} Nh5 {70} 32. Nd5 {
113} Bd8 {105} 33. Rb3 {74} b6 {13} 34. Ra3 {33} a5 {24} 35. Rb3 {41} c4 {250}
36. Rb5 {15} Nf6 {6} 37. Nxb6 {112} Ke7 {45} 38. Nxc4 {31} 1-0

[Event "Ch FRA 2024 Open A"]
[Site "ALPE D'HUEZ, France"]
[Date "2024.08.25"]
[Round "9.2"]
[White "PROFILI, Emilio"]
[Black "RACHID, Alexandre"]
[Result "1-0"]
[ECO "B20"]
[WhiteElo "2097"]
[BlackElo "2167"]
[PlyCount "51"]
[EventDate "2024.??.??"]
[TimeControl "90/40+30:0"]

1. e4 {2} c5 {5} 2. a3 {8} e5 {444} 3. Nc3 {68} Nc6 {120} 4. Bc4 {12} Nf6 {96}
5. d3 {26} d6 {256} 6. f4 {331} Bg4 {148} 7. Nge2 {307} exf4 {88} 8. Bxf4 {98}
Be7 {6} 9. O-O {159} O-O {14} 10. h3 {100} Be6 {16} 11. Nd5 {171} Bxd5 {512}
12. exd5 {225} Ne5 {6} 13. Ng3 {61} Ng6 {629} 14. Bd2 {83} Ne8 {708} 15. Nf5 {
1166} Bf6 {29} 16. Qg4 {334} Ne5 {77} 17. Qg3 {375} Nxc4 {1134} 18. dxc4 {27}
Kh8 {112} 19. Rae1 {554} Be5 {9} 20. Bf4 {129} f6 {17} 21. Re4 {82} Rc8 {52}
22. Qh4 {146} g6 {660} 23. Qh6 {71} Rg8 {5} 24. Bxe5 {226} dxe5 {13} 25. Qxh7+
{12} Kxh7 {9} 26. Rh4# {6} 1-0

[Event "Ch FRA 2024 Open A"]
[Site "ALPE D'HUEZ, France"]
[Date "2024.08.25"]
[Round "9.3"]
[White "BIGONNET, Jean-Michel"]
[Black "CARPENTIER, Pierre"]
[Result "1-0"]
[ECO "B14"]
[WhiteElo "2084"]
[BlackElo "2197"]
[PlyCount "63"]
[EventDate "2024.??.??"]
[TimeControl "90/40+30:0"]

1. d4 {0} Nf6 {9} 2. c4 {9} g6 {32} 3. Nc3 {6} Bg7 {13} 4. Nf3 {5} O-O {9} 5.
Bg5 {4} c5 {55} 6. e3 {263} cxd4 {77} 7. exd4 {186} d5 {299} 8. Bxf6 {250} Bxf6
{13} 9. Nxd5 {82} Bg7 {8} 10. Be2 {539} Nc6 {67} 11. O-O {48} e6 {509} 12. Nc3
{10} Nxd4 {10} 13. Nxd4 {60} Bxd4 {101} 14. Qd3 {221} Bg7 {1011} 15. Qe3 {351}
Bd7 {543} 16. Rfd1 {179} Qc7 {29} 17. Rac1 {279} Bc6 {174} 18. b4 {188} b6 {443
} 19. c5 {186} bxc5 {77} 20. Qxc5 {426} Qb7 {368} 21. Rd6 {1089} Bxg2 {429} 22.
Ba6 {225} Qf3 {45} 23. Rd3 {349} Qc6 {926} 24. Qxc6 {108} Bxc6 {7} 25. b5 {8}
Bd5 {328} 26. Nxd5 {16} exd5 {5} 27. Rxd5 {25} Rfd8 {6} 28. Rcd1 {72} Bf6 {12}
29. Rd7 {193} Re8 {391} 30. Bb7 {158} Rad8 {22} 31. Rxd8 {260} Rxd8 {35} 32.
Rxd8+ {56} 1-0

[Event "Ch FRA 2024 Open A"]
[Site "ALPE D'HUEZ, France"]
[Date "2024.08.25"]
[Round "9.4"]
[White "ORIEUX, Etienne"]
[Black "GRIGORIAN, Roudolph"]
[Result "1-0"]
[ECO "B12"]
[WhiteElo "2138"]
[BlackElo "2069"]
[PlyCount "116"]
[EventDate "2024.??.??"]
[TimeControl "90/40+30:0"]

1. e4 {4} c6 {9} 2. d4 {10} d5 {14} 3. e5 {8} Bf5 {5} 4. h4 {12} h5 {12} 5. Bd3
{17} Bxd3 {4} 6. Qxd3 {5} Qa5+ {13} 7. Nd2 {29} e6 {9} 8. Ngf3 {32} Nh6 {28} 9.
O-O {25} Nf5 {2} 10. Nb3 {10} Qb5 {8} 11. Qd1 {35} c5 {8} 12. a4 {21} Qb6 {5}
13. dxc5 {46} Bxc5 {3} 14. a5 {13} Qb5 {2} 15. Nxc5 {15} Qxc5 {3} 16. b3 {31}
Nc6 {215} 17. c4 {570} dxc4 {1455} 18. bxc4 {36} Qxc4 {457} 19. Ba3 {255} Rd8 {
134} 20. Qb1 {53} Nfd4 {1598} 21. Nxd4 {1090} Nxd4 {2} 22. Re1 {535} Nb5 {330}
23. Re4 {1364} Qd5 {930} 24. Qb4 {607} Nxa3 {174} 25. Rxa3 {4} f5 {40} 26. exf6
{112} gxf6 {1} 27. Rae3 {275} e5 {226} 28. f4 {153} Rg8 {2} 29. Rxe5+ {462}
fxe5 {5} 30. Rxe5+ {5} Qxe5 {14} 31. fxe5 {4} Rg7 {199} 32. Qc5 {72} Re7 {381}
33. e6 {211} Rxe6 {15} 34. Qxh5+ {5} Ke7 {93} 35. Qh7+ {39} Kf6 {18} 36. Qxb7 {
43} a6 {4} 37. Qf3+ {62} Ke7 {21} 38. Kh2 {72} Rdd6 {29} 39. Qb7+ {40} Kf6 {15}
40. Qc7 {165} Kg6 {91} 41. Kh3 {170} Rd3+ {347} 42. g3 {32} Rde3 {19} 43. Qd8 {
163} R3e5 {161} 44. Qd3+ {105} Kg7 {24} 45. Qc3 {66} Kg6 {36} 46. Kg4 {64} Re4+
{518} 47. Kf3 {40} R4e5 {2} 48. g4 {89} Rf6+ {140} 49. Kg3 {16} Rfe6 {2} 50.
h5+ {104} Kf7 {492} 51. Qc7+ {155} Re7 {41} 52. Qc4+ {6} R5e6 {79} 53. Kf4 {134
} Kg7 {17} 54. g5 {22} Re1 {184} 55. Qd4+ {242} Kg8 {2} 56. g6 {49} R1e6 {124}
57. Kf5 {151} Re1 {108} 58. h6 {75} Rf1+ {Ke4 [%emt 00:00:45] 17} 1-0